 Dungeon Crawl Stone Soup version 0.30-a0-782-ge64f9170bb (webtiles) character file.

Game seed: 2524132741310628332

58354 HoaS the Marksdemigod (level 14, -3/124 HPs)
             Began as a Demigod Hunter on Mar 6, 2023.
             Engulfed by a blizzard demon's freezing vapour (15 damage)
             ... on level 2 of the Abyss.
             The game lasted 00:27:32 (14943 turns).

HoaS the Marksdemigod (Demigod Hunter)             Turns: 14943, Time: 00:27:32

Health: -3/124     AC: 11    Str: 12    XL:     14   Next: 14%
Magic:  17/17      EV: 29    Int: 11    God:
Gold:   1393       SH:  0    Dex: 33    Spells: 13/13 levels left

rFire   . . .      SeeInvis +    g - +1 arbalest (freeze)
rCold   . . .      Faith    .    (shield currently unavailable)
rNeg    + + +      Spirit   .    y - +3 steam dragon scales
rPois   +          Reflect  .    H - +0 hat
rElec   .          Harm     .    w - scarf {repulsion}
rCorr   .          Rampage  .    k - +1 pair of gloves of Zuatrokh {Contam rPois rN+++ Slay+6}
Will    +....                    t - +0 pair of boots
Stlth   +++                      D - amulet of regeneration
HPRegen 1.20/turn                (no ring)
MPRegen 0.15/turn                m - ring of see invisible

@: repel missiles
A: high MP 1, forlorn, divine attributes
a: no special abilities


You were on level 2 of the Abyss.
You visited 2 branches of the dungeon, and saw 17 of its levels.
You visited the Abyss 1 time.
You also visited: Ice Cave.

You collected 1393 gold pieces.

Inventory:

Hand Weapons
 g - a +1 arbalest of freezing (weapon)
Armour
 k - the +1 pair of gloves of Zuatrokh (worn) {Contam rPois rN+++ Slay+6}
   (You found it on level 3 of the Dungeon)

   Slay:      It affects your accuracy & damage with ranged weapons and melee
   (+6).
   rPois:     It protects you from poison.
   rN:        It renders you almost immune to negative energy.
   Contam:    It causes magical contamination when unequipped.
 t - a +0 pair of boots (worn)
 w - a scarf of repulsion (worn)
 y - +3 steam dragon scales (worn)
 H - a +0 hat (worn)
Jewellery
 m - a ring of see invisible (right hand)
 D - an amulet of regeneration (around neck)
 F - a ring of ice
Wands
 n - a wand of flame (50)
 q - a wand of iceblast (11)
 s - a wand of digging (4)
 v - a wand of mindburst (7)
 B - a wand of polymorph (5)
 G - a wand of paralysis (12)
Scrolls
 a - a scroll of brand weapon
 b - 2 scrolls of immolation
 j - 2 scrolls of fear
 o - 6 scrolls of teleportation
 r - 3 scrolls of blinking
 u - 2 scrolls of fog
 x - 2 scrolls of magic mapping
 A - 2 scrolls of summoning
 C - a scroll of poison
 E - 3 scrolls of identify
 I - 2 scrolls of enchant armour
Potions
 c - 2 potions of resistance
 d - a potion of cancellation
 e - 6 potions of curing
 f - 9 potions of haste
 h - 3 potions of attraction
 i - 2 potions of ambrosia
 l - 3 potions of lignification
 p - 2 potions of flight
 z - 4 potions of mutation


   Skills:
 + Level 11.4 Fighting
 - Level 18.0 Ranged Weapons
 + Level 13.9 Dodging
 - Level 0.8 Stealth


You had 13 spell levels left.
You didn't know any spells.
Your spell library contained the following spells:

 Spells                   Type           Power      Damage    Failure   Level
 Sandblast                Erth           0%         2d4       34%         1
 Sting                    Tmut/Pois      0%         1d3       34%         1
 Blink                    Tloc           0%         N/A       47%         2
 Ensorcelled Hibernation  Hex/Ice        0%         N/A       47%         2
 Lesser Beckoning         Tloc           0%         N/A       47%         2
 Momentum Strike          Conj/Tloc      0%         3d8       47%         2
 Passwall                 Tmut/Erth      0%         N/A       47%         2
 Poisonous Vapours        Pois/Air       0%         N/A       47%         2
 Sublimation of Blood     Necr           0%         N/A       47%         2
 Call Canine Familiar     Summ           0%         N/A       71%         3
 Gell's Gravitas          Tloc           0%         N/A       71%         3
 Ignite Poison            Fire/Tmut/Pois 0%         N/A       71%         3
 Kindle Blastsparks       Fire/Tloc/Air  0%         2d10      71%         3
 Ozocubu's Armour         Ice            0%         N/A       71%         3
 Portal Projectile        Hex/Tloc       0%         N/A       71%         3
 Stone Arrow              Conj/Erth      0%         3d7       71%         3
 Swiftness                Air            0%         N/A       71%         3
 Teleport Other           Tloc           0%         N/A       71%         3
 Tukima's Dance           Hex            0%         N/A       71%         3
 Leda's Liquefaction      Hex/Erth       0%         N/A       98%         4
 Manifold Assault         Tloc           0%         N/A       98%         4
 Olgreb's Toxic Radiance  Pois           0%         N/A       98%         4
 Passage of Golubria      Tloc           0%         N/A       98%         4
 Petrify                  Tmut/Erth      0%         N/A       98%         4
 Alistair's Intoxication  Tmut/Pois      0%         N/A       100%        5
 Borgnjor's Vile Clutch   Necr/Erth      0%         N/A       100%        5
 Freezing Cloud           Conj/Ice/Air   0%         6-21      100%        5
 Irradiate                Conj/Tmut      0%         3d11      100%        5
 Metabolic Englaciation   Hex/Ice        0%         N/A       100%        5
 Yara's Violent Unravell  Hex/Tmut       0%         3d3       100%        5
 Dispersal                Tloc           0%         N/A       100%        6
 Eringya's Noxious Bog    Tmut/Pois      0%         N/A       100%        6
 Simulacrum               Ice/Necr       0%         N/A       100%        6
 Disjunction              Tloc           0%         N/A       100%        8
 Chain Lightning          Conj/Air       0%         N/A       100%        9
 Fire Storm               Conj/Fire      0%         5d1       100%        9
 Shatter                  Erth           0%         3d5*      100%        9


Dungeon Overview and Level Annotations

Branches:
Dungeon (12/15)            Temple (0/1) D:7            Lair (5/5) D:9
  Swamp (0/4) Lair:3       Spider (0/4) Lair:3        Slime (0/5) Lair:4
    Orc (0/2) D:10          IceCv (visited)

Shops:
D:1 :   D:2 !   D:9 *   D:10 (   D:11 :

Annotations:
Lair:3 3 runed translucent doors, Tohisesh's ghost, journeyman OpEE
Lair:4 1 runed translucent door


Innate Abilities, Weirdness & Mutations

You have an increased reservoir of magic. (+10% MP)
You shall have no god before yourself.
Your divine heritage dramatically boosts your attributes as you level up.


Message History

A white imp comes into view.
You shoot a bolt. The bolt hits the white imp!!!
You kill the white imp!
No target in view!
A blizzard demon comes into view.
The blizzard demon gestures at you. The freezing blast engulfs you!!
You shoot a bolt.
The bolt barely misses the blizzard demon.
You are engulfed in freezing vapours.
The blizzard demon is engulfed in freezing vapours.
The blizzard demon closely misses you. The blizzard demon hits you.
You shoot a bolt.
The bolt hits the blizzard demon but does no damage.
The blizzard demon is lightly wounded.
You are engulfed in freezing vapours.
The blizzard demon is engulfed in freezing vapours.
The blizzard demon gestures at you. The bolt of cold misses you.
You are too injured to fight recklessly!
You shoot a bolt.
The bolt barely misses the blizzard demon.
You are engulfed in freezing vapours.
Something shouts, "Tremble, thou obnoxious hell-hated foot-licker!"
The blizzard demon is engulfed in freezing vapours.
The blizzard demon hits you. The blizzard demon closely misses you.
You shoot a bolt. The bolt hits the blizzard demon!
The blizzard demon is lightly wounded.
You are engulfed in freezing vapours.
* * * LOW HITPOINT WARNING * * *
A white imp comes into view.
The blizzard demon is engulfed in freezing vapours.
The blizzard demon waves its arms in wide circles.
The air twists around and strikes you!
* * * LOW HITPOINT WARNING * * *
You shoot a bolt. The bolt hits the blizzard demon!!
The bolt freezes the blizzard demon.
The blizzard demon is severely wounded.
You are engulfed in freezing vapours.
You die...

.. # #..# . #
.... # # #. ..
#... .. .. ...#
..## 5# ..# . ##
...##.# . ##.##
#.##.○..# . # ..
..## #..○°○.# . .
. .. #.#@# ..#..
#. # ##°#2.#
####.#.#..###○...
## # #.
..##...##.#.#
.#.. .#
#.#.....#...#
..#.#..##.##.#
...# #.. .# .#.#
#.#.##.#### ...
#......#.## ##.
.# #.##...# # #


You could see a blizzard demon and a white imp.

Vanquished Creatures
  Gastronok (D:10)
  Josephine (D:10)
  4 hydras
  A catoblepas (Lair:4)
  2 two-headed ogres
  4 boulder beetles
  Sonja (D:12)
  2 sixfirhies (Abyss:2)
  2 skysharks (Lair:3)
  5 lindwurms
  An oklob plant (Lair:1)
  7 ugly things
  3 manticores
  20 elephants
  A large abomination (Abyss:2)
  2 black mambas
  17 cane toads
  4 rime drakes
  Psyche (D:8)
  A kobold demonologist (D:9)
  8 komodo dragons
  2 hornets (Lair:5)
  2 trolls
  6 polar bears
  4 dream sheep (Lair:5)
  9 blink frogs
  12 spriggans (Lair:5)
  2 shadows (D:12)
  2 ynoxinuls (Abyss:2)
  3 humans (D:8)
  39 yaks
  2 wyverns
  A basilisk (Lair:2)
  6 wraiths
  2 death yak simulacra (IceCv)
  2 swamp worms (Lair:3)
  4 steam dragons
  4 acid dragons
  10 orc warriors
  17 water moccasins
  3 ice beasts
  3 black bears (Lair:5)
  21 wolves
  5 boggarts (Lair:5)
  2 centaurs
  A gnoll sergeant (D:7)
  A kobold brigand (D:6)
  A necrophage (D:6)
  10 bullfrogs
  3 scorpions
  An earth elemental (Abyss:2)
  4 wights (D:8)
  A small abomination (Abyss:2)
  An elephant simulacrum (IceCv)
  13 killer bees (D:10)
  2 howler monkeys
  8 electric eels
  A jelly (D:6)
  7 hounds
  12 orc priests
  2 iron imps (Abyss:2)
  10 orc wizards
  2 iguanas
  A polar bear simulacrum (IceCv)
  5 adders
  8 gnolls
  4 white imps
  2 ufetubi
  3 dart slugs
  3 worms
  43 orcs
  9 ball pythons
  3 bats
  5 endoplasms
  6 giant cockroaches
  4 goblins
  9 hobgoblins
  10 jackals
  2 quokkas (D:1)
  2 frilled lizards (D:1)
  11 kobolds
  4 rats
465 creatures vanquished.

Vanquished Creatures (others)
  A shadow (Abyss:2)
  A human (D:8)
  22 fungi
  21 plants
45 creatures vanquished.

Grand Total: 510 creatures vanquished

Notes
Turn   | Place    | Note
-------+----------+-------------------------------------------
     0 | D:1      | HoaS the Demigod Hunter began the quest for the Orb.
     0 | D:1      | Reached XP level 1. HP: 17/17 MP: 3/3
    88 | D:1      | Reached skill level 4 in Ranged Weapons
   109 | D:1      | Reached XP level 2. HP: 24/24 MP: 4/4
   121 | D:1      | You fall into a shaft and drop 1 floor!
   142 | D:2      | Found Lalaj's Distillery.
   422 | D:1      | Found Uwoyliph's Book Boutique.
   621 | D:2      | Reached XP level 3. HP: 29/29 MP: 5/5
   627 | D:2      | Reached skill level 5 in Ranged Weapons
  1133 | D:3      | Reached XP level 4. HP: 36/36 MP: 6/6
  1153 | D:3      | Identified the +1 pair of gloves of Zuatrokh {Contam rPois
                  | rN+++ Slay+6}
  1953 | D:4      | Reached skill level 6 in Ranged Weapons
  1953 | D:4      | Reached XP level 5. HP: 34/41 MP: 7/7
  2419 | D:5      | Entered Level 5 of the Dungeon
  2553 | D:5      | Reached XP level 6. HP: 48/48 MP: 8/8
  2678 | D:5      | Reached skill level 7 in Ranged Weapons
  2880 | D:5      | Reached skill level 8 in Ranged Weapons
  2880 | D:5      | Reached XP level 7. HP: 40/53 MP: 9/9
  3504 | D:6      | Identified the +7 trident "Ugaxunk" {heavy, rElec rPois rF+
                  | rC+}
  3723 | D:6      | Reached skill level 9 in Ranged Weapons
  4234 | D:6      | Noticed a steam dragon
  4240 | D:6      | Killed a steam dragon
  4241 | D:6      | Reached XP level 8. HP: 60/60 MP: 10/10
  4266 | D:6      | Reached skill level 10 in Ranged Weapons
  4850 | D:7      | Found a staircase to the Ecumenical Temple.
  5013 | D:7      | Identified the +4 short sword "Binlinn" {pain, rCorr Dex+2}
  5207 | D:7      | Reached skill level 11 in Ranged Weapons
  5847 | D:8      | Identified the +1 leather armour "Sotz" {Int+4}
  5893 | D:8      | Reached XP level 9. HP: 67/67 MP: 11/11
  5988 | D:8      | Noticed Psyche
  5994 | D:8      | Reached skill level 12 in Ranged Weapons
  6097 | D:8      | Killed Psyche
  6190 | D:8      | Reached skill level 13 in Ranged Weapons
  6861 | D:9      | Reached skill level 14 in Ranged Weapons
  6914 | D:9      | Reached XP level 10. HP: 64/73 MP: 10/13
  7039 | D:9      | Found a staircase to the Lair.
  7092 | D:9      | Found Syodaer's Demolitions Depot.
  7321 | D:10     | Entered Level 10 of the Dungeon
  7341 | Lair:1   | Entered Level 1 of the Lair of Beasts
  7368 | Lair:1   | Reached skill level 15 in Ranged Weapons
  7425 | Lair:1   | Found a frozen archway.
  7535 | IceCv    | Entered an ice cave
  7866 | Lair:1   | Reached skill level 16 in Ranged Weapons
  8092 | Lair:1   | Noticed an oklob plant
  8099 | Lair:1   | Killed an oklob plant
  8100 | Lair:1   | Reached XP level 11. HP: 79/79 MP: 14/14
  9086 | Lair:1   | Reached skill level 17 in Ranged Weapons
  9844 | Lair:2   | Identified a scroll of acquirement
  9844 | Lair:2   | Acquired an amulet of regeneration
  9943 | Lair:2   | HP: 2/79 [elephant (14)]
 10081 | Lair:3   | Reached skill level 18 in Ranged Weapons
 10170 | Lair:3   | Found a runed translucent gate.
 10170 | Lair:3   | Found a runed translucent gate.
 10170 | Lair:3   | Found a runed translucent gate.
 10170 | Lair:3   | Noticed a nine-headed hydra
 10170 | Lair:3   | Noticed Tohisesh's ghost (journeyman OpEE)
 10170 | Lair:3   | Noticed a 12-headed hydra
 10220 | Lair:3   | Reached skill level 5 in Dodging
 10227 | Lair:3   | Reached XP level 12. HP: 91/91 MP: 15/15
 10231 | Lair:3   | Found a hole to the Spider Nest.
 10273 | Lair:3   | Identified the +4 ring mail "Gysked" {rElec rC- rN++ Dex+3}
 10315 | Lair:3   | Reached skill level 5 in Fighting
 10586 | Lair:3   | Noticed a five-headed hydra
 10591 | Lair:3   | Killed a five-headed hydra
 10608 | Lair:3   | Noticed a five-headed hydra
 10616 | Lair:3   | Killed a five-headed hydra
 10619 | Lair:3   | Found a staircase to the Swamp.
 10746 | Lair:4   | Found a runed translucent door.
 10765 | Lair:4   | Found a staircase to the Slime Pits.
 11058 | Lair:4   | You fall into a shaft and drop 1 floor!
 11058 | Lair:5   | Entered Level 5 of the Lair of Beasts
 11064 | Lair:5   | Reached skill level 10 in Dodging
 11130 | Lair:4   | Noticed a catoblepas
 11136 | Lair:4   | Killed a catoblepas
 11645 | Lair:5   | Reached XP level 13. HP: 107/107 MP: 16/16
 12825 | D:10     | Found Ublyd's Weapon Shop.
 12883 | D:10     | Identified the +2 scale mail of Spite {rF+ rN+ Stlth-}
 12901 | D:10     | Reached skill level 10 in Fighting
 12932 | D:10     | Found a staircase to the Orcish Mines.
 13485 | D:11     | Noticed Josephine
 13615 | D:11     | Noticed Gastronok
 13740 | D:10     | Killed Josephine
 13857 | D:10     | Killed Gastronok
 14157 | D:11     | Found Okhlig's Book Emporium.
 14201 | D:12     | Noticed Sonja
 14202 | D:12     | Killed Sonja
 14360 | D:12     | Reached XP level 14. HP: 124/124 MP: 17/17
 14773 | Abyss:2  | Cast into level 2 of the Abyss (a wizard)
 14943 | Abyss:2  | Engulfed by a blizzard demon's freezing vapour

Illustrated notes

Levels and vault maps discovered:
D:1:      reono_arrival_forest_river, layout_rooms, serial_shops,
          nicolae_shop_window_shopping, wad_floor_pattern_2, minmay_misc_feat_x,
          minmay_pentomino_q4
D:2:      layout_basic, serial_shops, nicolae_shop_behind_doors
D:3:      layout_rooms, nicolae_ecumenical_lake_church
D:4:      layout_loops_ring
D:5:      layout_basic
D:6:      kennysheep_steamy, layout_loops_corners
D:7:      layout_loops_ring, nicolae_overflow_squiral, temple_pool_b
D:8:      erik_cavepeople, layout_basic
D:9:      layout_cave_pools, trog_book, lair_entry_dummy, st_stairs_6,
          nicolae_blasting_shop
D:10:     layout_basic, erik_orc_2, serial_shops, shop
D:11:     layout_rooms, serial_shops, shop, uniq_gastronok, uniq_josephine
D:12:     cheibrodos_breeding_chamber, layout_loops_ring, uniq_sonja
Lair:1:   layout_layer_cave, portal_ice_cave_rime, fungi_pond_lemuel,
          minmay_lair_oklob_items
Lair:2:   layout_chaotic_city, nicolae_quartered_pool_little,
          grunt_megastairs_1, infiniplex_staircase_pool_2, serial_bayou_shore_a
Lair:3:   layout_misc_corridors, palyth_hydra_swamp_entry,
          spider_nest_entry_web_field, gammafunk_ghost_hydra_chop
Lair:4:   layout_small_grid, slime_entry_2, serial_bayou_pond_d,
          nicolae_lair_lindhole
Lair:5:   minmay_lair_end_enchanted_forest, layout_regular_city,
          lemuel_fruit_tree, grunt_megastairs_4
Abyss:2:  base:
D:3

Skill      XL: |  1  2  3  4  5  6  7  8  9 10 11 12 13 |
---------------+----------------------------------------+-----
Ranged Weapons | 4 5 6 8 9 11 14 16 18 | 18.0
Fighting       | 3 8 11 | 11.4
Dodging        | 5 11 13 | 13.9
Stealth        | |  0.8

Action                     |  1- 3 |  4- 6 |  7- 9 | 10-12 | 13-15 || total
---------------------------+-------+-------+-------+-------+-------++-------
  Melee: Unarmed           |       |       |     3 |       |       ||     3
   Fire: Shortbow          |    98 |    97 |   240 |       |       ||   435
         Arbalest          |       |       |     8 |   408 |   425 ||   841
    Use: Scroll            |     8 |     3 |     9 |    10 |     2 ||    32
         Potion            |       |       |     1 |     2 |       ||     3
 Armour: Leather armour    |    14 |     7 |     2 |       |       ||    23
         Steam dragon scal |       |       |    23 |    44 |    43 ||   110
         Skin              |       |       |     2 |       |       ||     2
  Dodge: Dodged            |    28 |    16 |    48 |   124 |   315 ||   531
         Repelled          |       |       |       |       |     5 ||     5

Table legend: (Time is in decaauts)
 A = Elapsed time spent in this place.
 B = Non-inter-level travel time spent in this place.
 C = Inter-level travel time spent in this place.
 D = Time resting spent in this place.
 E = Time spent auto-exploring this place.
 F = Levels seen in this place.
 G = Mean time per level.
                   A        B        C        D        E       F      G
               +--------+--------+--------+--------+--------+-----+--------+
         Total |  15068 |  14412 |    656 |   2247 |   9809 |  19 |  793.1 |
       Dungeon |   9535 |   9111 |    424 |   1355 |   6362 |  12 |  794.6 |
          Lair |   5176 |   4945 |    231 |    718 |   3330 |   5 | 1035.2 |
         Abyss |    172 |    172 |      0 |     20 |    109 |   1 |  172.0 |
      Ice Cave |    185 |    185 |      0 |    154 |      7 |   1 |  185.0 |
               +--------+--------+--------+--------+--------+-----+--------+

Top non-repeatable levels by time:
  Lair:1: 1536 daAuts
     D:6: 1401 daAuts
     D:8: 1230 daAuts
    D:10: 1199 daAuts
  Lair:5: 1047 daAuts
  Lair:2: 983 daAuts
     D:7: 894 daAuts
     D:5: 881 daAuts
  Lair:4: 832 daAuts
  Lair:3: 777 daAuts
     D:4: 728 daAuts
     D:3: 653 daAuts
    D:12: 586 daAuts
     D:1: 571 daAuts
     D:2: 520 daAuts
